 Dungeon Crawl Stone Soup version 0.30-a0-879-ga8ba668304 (webtiles) character file.

Game seed: 9241279100218415095

114 Pimp the Firebug (level 4, -4/30 HPs)
             Began as a Demonspawn Fire Elementalist on Mar 12, 2023.
             Killed by nerve-wracking pain
             ... invoked by Grinder
              (12 damage)
             ... on level 3 of the Dungeon on Mar 13, 2023.
             The game lasted 00:10:29 (2428 turns).

Pimp the Firebug (Demonspawn Fire Elementalist)     Turns: 2428, Time: 00:10:30

Health: -4/30      AC:  0    Str:  8 (9)  XL:     4   Next: 67%
Magic:  4/7        EV: 14    Int: 16 (18) God:
Gold:   105        SH:  0    Dex: 13      Spells: 2/8 levels left

rFire   . . .      SeeInvis .    d - melded staff of poison
rCold   . . .      Faith    .    (shield currently unavailable)
rNeg    . . .      Spirit   .    a - melded +0 robe
rPois   .          Reflect  .    (helmet currently unavailable)
rElec   .          Rampage  .    (cloak currently unavailable)
rCorr   .                        g - melded +0 pair of gloves
Will    .....                    (boots currently unavailable)
Stlth   ++                       (no amulet)
HPRegen 0.25/turn                (ring currently unavailable)
MPRegen 0.10/turn                (ring currently unavailable)

@: pig-form, very quick
A: fast, no casting, small, (molten scales 1), (demonic touch 1)
a: no special abilities


You were on level 3 of the Dungeon.
You were a filthy swine.
You visited 1 branch of the dungeon, and saw 3 of its levels.

You collected 105 gold pieces.

Inventory:

Armour
 a - a +0 robe (melded)
 b - a +0 animal skin
 f - a +2 helmet
 g - a +0 pair of gloves (melded)
Magical Staves
 d - a staff of poison (melded)
Scrolls
 c - 3 scrolls of identify
 i - a scroll of immolation
Potions
 e - a potion of degeneration
 h - a potion of lignification


   Skills:
 + Level 0.1 Fighting
 + Level 0.1 Staves
 + Level 2.2 Dodging
 + Level 2.3 Stealth
 + Level 2.5 Spellcasting
 + Level 1.7 Conjurations
 + Level 0.1 Hexes
 + Level 3.1 Fire Magic
 + Level 2.2 Poison Magic


You had 2 spell levels left.
You knew the following spells:

 Your Spells              Type           Power      Damage    Failure   Level
a - Foxfire               Conj/Fire      36%        2x1d5     8%          1
b - Scorch                Fire           24%        2d6       9%          2
c - Inner Flame           Hex/Fire       7%         N/A       30%         3

Your spell library contained the following spells:

 Spells                   Type           Power      Damage    Failure   Level
 Ignite Poison            Fire/Tmut/Pois 7%         N/A       28%         3
 Kindle Blastsparks       Fire/Tloc/Air  10%        2d10      36%         3
 Flame Wave               Conj/Fire      9%         2d6       58%         4
 Freezing Cloud           Conj/Ice/Air   1%         6-21      99%         5
 Borgnjor's Revivificati  Necr           1%         N/A       100%        8
 Necromutation            Tmut/Necr      1%         N/A       100%        8
 Death's Door             Necr           1%         N/A       100%        9


Dungeon Overview and Level Annotations

Branches:
Dungeon (3/15)

Altars:

Annotations:
D:3 Grinder


Innate Abilities, Weirdness & Mutations

You are a filthy swine.
You move quickly.
Your equipment is almost entirely melded.
You are incapable of wielding weapons or throwing items.
You cannot cast spells.
((You are partially covered in molten scales. (AC +2)))
((Your touch may inflict minor irresistible damage on your foes.))


Message History

You kill the dart slug!
Your foxfire dissipates!
Grinder gestures at you. Pain shoots through your body!
Casting: Scorch (safe; 9% risk of failure)
Confirm with . or Enter, or press ? or * to list all spells.
Flames lash Grinder but do no damage.
Grinder hits you but does no damage.
Grinder zaps a wand.
You turn into a filthy swine.
Your staff of poison melds into your body.
Your +0 pair of gloves melds into your body.
Your +0 robe melds into your body.
You can't do that in your present form.
As you read the scroll of identify, it crumbles to dust.
i - a scroll of immolation Grinder closely misses you.
Unknown command.
You are stuck in your current form!
You hit Grinder but do no damage.
Grinder is lightly wounded.
Grinder hits you!
* * * LOW HITPOINT WARNING * * *
You writhe in agony.
* * * LOW HITPOINT WARNING * * *
Unknown command.
Grinder gestures at you.
You suddenly lose the ability to move!
Grinder gestures at you.
You shrug off the repeated paralysis!
You can move again.
Okay, then.
You barely miss Grinder.
Grinder is lightly wounded.
Grinder closely misses you.
You closely miss Grinder.
Grinder is lightly wounded.
Grinder barely misses you.
You closely miss Grinder.
Grinder is lightly wounded.
Grinder gestures at you. Pain shoots through your body!
You die...

.##.#....# ###..
........+ ##. #
#..#...(# ###..
#.#.##.##.## ##....
##.#.##.##.)##
#...#.
#............##
#####.
##.##..###..### ##..
#.##5.####5..####..#
#..h....##........##
####..#.........###
#.......######
.....####### ######


You could see Grinder.

Vanquished Creatures
  An orc priest (D:2)
  Robin (D:2)
  An adder (D:3)
  A worm (D:2)
  2 dart slugs (D:3)
  3 orcs
  3 bats
  5 endoplasms
  A giant cockroach (D:1)
  9 goblins
  7 hobgoblins
  6 kobolds
  A quokka (D:1)
  4 ball pythons (D:1)
  3 frilled lizards
  3 rats
51 creatures vanquished.

Vanquished Creatures (collateral kills)
  A foxfire (D:1)
1 creature vanquished.

Vanquished Creatures (others)
  105 foxfires
  A fungus (D:1)
  A plant (D:1)
107 creatures vanquished.

Grand Total: 159 creatures vanquished

Notes
Turn   | Place    | Note
-------+----------+-------------------------------------------
     0 | D:1      | Pimp the Demonspawn Fire Elementalist began the quest for
                  | the Orb.
     0 | D:1      | Reached XP level 1. HP: 13/13 MP: 3/3
   266 | D:1      | Gained mutation: You are partially covered in molten
                  | scales. (AC +2) [demonic ancestry]
   266 | D:1      | Reached XP level 2. HP: 19/19 MP: 0/5
   371 | D:1      | Reached skill level 1 in Poison Magic
   426 | D:1      | Found a faded altar of an unknown god.
   951 | D:1      | Reached XP level 3. HP: 18/24 MP: 6/6
   979 | D:1      | Learned a level 2 spell: Scorch
   983 | D:1      | Learned a level 3 spell: Inner Flame
  1425 | D:2      | Noticed Robin
  1497 | D:2      | Killed Robin
  1867 | D:2      | Reached skill level 3 in Fire Magic
  1885 | D:2      | Gained mutation: Your touch may inflict minor irresistible
                  | damage on your foes. [demonic ancestry]
  1885 | D:2      | Reached XP level 4. HP: 5/30 MP: 0/7
  2391 | D:3      | Noticed Grinder
  2420 | D:3      | Paralysed by Grinder for 2 turns
  2428 | D:3      | Killed from afar by Grinder

Illustrated notes

Levels and vault maps discovered:
D:1:      roderic_crop_circles_arrival_small, layout_basic,
          shapermc_ecumenical_altar_ellora, minmay_misc_feat_encased,
          st_stairs_14
D:2:      layout_basic, minmay_misc_feat_room, minivault_4,
          uniq_crazy_yiuf_cottage, uniq_robin
D:3:      layout_loops_cross, gammafunk_temple_overflow_claw,
          kennysheep_generic_room_12, uniq_grinder

Skill      XL: |  1  2  3 |
---------------+----------+-----
Poison Magic   | 1 2 |  2.2
Stealth        | 2 |  2.3
Dodging        | 2 |  2.2
Fire Magic     | 3 |  3.1
Fighting       | |  0.1
Staves         | |  0.1
Spellcasting   | |  2.5
Conjurations   | |  1.7
Hexes          | |  0.1

Action                     |  1- 3 |  4- 6 || total
---------------------------+-------+-------++-------
  Melee: Staff             |    51 |    17 ||    68
         Unarmed           |       |     4 ||     4
         Touch             |       |     4 ||     4
   Cast: Foxfire           |    70 |     5 ||    75
         Scorch            |     5 |     2 ||     7
    Use: Potion            |     8 |       ||     8
         Scroll            |     3 |     1 ||     4
   Stab: Sleeping          |     1 |     2 ||     3
 Armour: Robe              |    28 |     7 ||    35
         Skin              |    29 |       ||    29
  Dodge: Dodged            |    76 |    13 ||    89

Table legend: (Time is in decaauts)
 A = Elapsed time spent in this place.
 B = Non-inter-level travel time spent in this place.
 C = Inter-level travel time spent in this place.
 D = Time resting spent in this place.
 E = Time spent auto-exploring this place.
 F = Levels seen in this place.
 G = Mean time per level.
                   A        B        C        D        E       F      G
               +--------+--------+--------+--------+--------+-----+--------+
         Total |   2436 |   2388 |     48 |    401 |   1344 |   3 |  812.0 |
       Dungeon |   2436 |   2388 |     48 |    401 |   1344 |   3 |  812.0 |
               +--------+--------+--------+--------+--------+-----+--------+

Top non-repeatable levels by time:
     D:1: 1139 daAuts
     D:2: 758 daAuts
     D:3: 538 daAuts
